 Dungeon Crawl Stone Soup version 0.30-a0-459-g9104f0fc43 (webtiles) character file.

Game seed: 8956576665036776944

585 tilp the Ducker (level 7, -6/60 HPs)
             Began as a Meteoran Fighter on Dec 15, 2022.
             Was an Initiate of Okawaru.
             Killed by divine providence
             ... invoked by an orc priest
              (11 damage)
             ... on level 6 of the Dungeon.
             The game lasted 00:04:58 (859 turns).

tilp the Ducker (Meteoran Fighter)                   Turns: 859, Time: 00:04:59

Health: -6/60      AC:  7    Str: 18    XL:     7   Next: 97%
Magic:  9/9        EV: 11    Int:  9    God:    Okawaru [......]
Gold:   112        SH:  5    Dex: 16    Spells: 6/6 levels left

rFire   + . .      SeeInvis .    a - +0 long sword
rCold   . . .      Faith    .    c - +0 buckler
rNeg    . . .      Spirit   .    b - +0 scale mail
rPois   +          Reflect  .    (no helmet)
rElec   .          Harm     .    (no cloak)
rCorr   .          Rampage  .    (no gloves)
Will    .....                    (no boots)
Stlth   +.........               (no amulet)
HPRegen 0.30/turn                i - ring of protection from fire
MPRegen 0.11/turn                k - ring of poison resistance

@: glowing
A: sense surroundings 1, otherworldly, glowing, explore regen
a: Renounce Religion


You were on level 6 of the Dungeon.
You worshipped Okawaru.
Okawaru was noncommittal.
You visited 2 branches of the dungeon, and saw 7 of its levels.

You collected 112 gold pieces.

Inventory:

Hand Weapons
 a - a +0 long sword (weapon)
Armour
 b - a +0 scale mail (worn)
 c - a +0 buckler (worn)
Jewellery
 i - a ring of protection from fire (left hand)
 k - a ring of poison resistance (right hand)
Wands
 j - a wand of flame (17)
Scrolls
 d - 2 scrolls of teleportation {unknown}
 g - a scroll of vulnerability
 l - a scroll of summoning {unknown}
Potions
 e - 4 potions of curing {unknown}
 f - 2 potions of mutation {unknown}
 h - a potion of brilliance {unknown}


   Skills:
 + Level 4.5 Fighting
 + Level 4.6 Long Blades
 - Level 4.0 Armour
 + Level 4.6 Dodging
 + Level 2.5 Stealth
 - Level 4.0 Shields
 + Level 1.9 Invocations
 - Level 2.0 Evocations


You had 6 spell levels left.
You didn't know any spells.
Your spell library was empty.

Dungeon Overview and Level Annotations

Branches:
Dungeon (6/15) Zot: 2737   Temple (1/1) D:4 Zot: 561

Altars:
Ashenzari
Cheibriados
Dithmenos
Elyvilon
Fedhas
Gozag
Hepliaklqana
Kikubaaqudgha
Makhleb
Nemelex Xobeh
Okawaru
Qazlal
Ru
Trog
Uskayaw
Vehumet
Xom
Yredelemnul
Zin
The Shining One

Annotations:
Temple 2 transporters


Innate Abilities, Weirdness & Mutations

You passively map a small area around you.
You are easily found by Zot.
You glow in the dark.
You regain HP and MP as you explore.


Message History

The orc priest invokes the aid of Beogh against you.
You resist with significant effort. The orc barely misses you.
You hit the orc priest but do no damage.
The orc barely misses you. The orc closely misses you.
The orc priest hits you with a +0 hand axe.
You hit the orc priest.
The orc priest is moderately wounded.
You block the orc's attack.
The orc priest calls down the wrath of Beogh upon you.
Beogh smites you! You block the orc's attack.
You hit the orc priest but do no damage.
The orc priest is moderately wounded.
You block the orc's attack. You block the orc priest's attack.
The orc hits you with a +0 club.
You hit the orc priest.
The orc priest is severely wounded.
You block the orc's attack. The orc hits you with a +0 club.
The orc priest hits you but does no damage.
You barely miss the orc priest.
The orc priest is severely wounded.
You block the orc's attack.
The orc priest hits you with a +0 hand axe.
The orc hits you but does no damage. The orc hits you with a +0 club.
* * * LOW HITPOINT WARNING * * *
The orc priest mumbles some strange prayers to Beogh against you.
Beogh smites you!
* * * LOW HITPOINT WARNING * * *
The orc misses you.
You hit the orc priest but do no damage.
The orc priest is severely wounded.
The orc hits you from afar with a +0 trident.
* * * LOW HITPOINT WARNING * * *
You block the orc priest's attack. The orc barely misses you.
Unknown command.
You closely miss the orc priest.
The orc priest is severely wounded.
You block the orc's attack.
The orc priest mumbles some strange prayers to Beogh against you.
Beogh smites you!
You die...

,* , #..# , *
#..# , , ,
#..# ** ,
#..### , . ,
#..#<# ...,,
#..#.#
.....##o.#.#
.....oo@.#.##
.....o##.#..#
##... *#.##.#
#.. , #.##.#
#. *#....# #
*###### ** *


You could see an orc priest and 3 orcs.

Vanquished Creatures
  A water moccasin (D:4)
  An ice beast (D:6)
  2 ogres (D:4)
  A scorpion (D:5)
  3 hounds
  Natasha (D:3)
  An ufetubus (D:4)
  3 worms
  4 orcs
  A goblin (D:4)
  5 hobgoblins
  4 quokkas
  2 ball pythons
  2 kobolds
  A rat (D:3)
32 creatures vanquished.

Notes
Turn   | Place    | Note
-------+----------+-------------------------------------------
     0 | D:1      | tilp the Meteoran Fighter began the quest for the Orb.
     0 | D:1      | Reached XP level 1. HP: 19/19 MP: 2/2
   161 | D:3      | Found a faded altar of an unknown god.
   198 | D:3      | Reached XP level 2. HP: 21/26 MP: 3/3
   221 | D:2      | Reached skill level 1 in Dodging
   232 | D:1      | You fall into a shaft and drop 1 floor!
   314 | D:5      | Entered Level 5 of the Dungeon
   314 | D:5      | Noticed a water moccasin
   319 | D:4      | Noticed an ogre
   324 | D:4      | Killed an ogre
   325 | D:4      | Reached skill level 1 in Stealth
   325 | D:4      | Reached XP level 3. HP: 33/33 MP: 4/4
   325 | D:4      | Reached XP level 4. HP: 40/40 MP: 5/5
   325 | D:4      | Reached XP level 5. HP: 46/46 MP: 6/6
   362 | D:4      | Found a blossoming altar of Fedhas.
   376 | D:4      | Noticed an ogre
   385 | D:4      | Killed an ogre
   386 | D:4      | Reached XP level 6. HP: 5/52 MP: 7/7
   419 | D:4      | Noticed a water moccasin
   421 | D:4      | Noticed an ogre
   462 | D:4      | Killed a water moccasin
   463 | D:4      | Reached XP level 7. HP: 24/59 MP: 8/8
   548 | D:3      | Noticed Natasha
   558 | D:3      | Killed Natasha
   559 | D:3      | Reached skill level 1 in Evocations
   615 | D:4      | Found a staircase to the Ecumenical Temple.
   635 | Temple   | Entered the Ecumenical Temple
   635 | Temple   | Found a transporter.
   635 | Temple   | Found a transporter.
   637 | Temple   | Found a transporter.
   637 | Temple   | Found a transporter.
   660 | Temple   | Became a worshipper of Warmaster Okawaru
   820 | D:5      | Reached skill level 1 in Invocations
   859 | D:6      | Killed from afar by an orc priest

Illustrated notes

Levels and vault maps discovered:
D:1:      lightli_arrival_quake, layout_basic, serial_shops, shop
D:2:      layout_basic, amcnicky_mini_rare_corridor_liquid
D:3:      layout_basic, led_sif_pool, hellmonk_ecumenical_altar_crossroads,
          uniq_natasha
D:4:      layout_cave_pools, lemuel_round_altar, lemuel_temple_firewalk_b,
          grunt_tough_drop
D:5:      layout_basic, nicolae_wu_jian_immortal_techniques
D:6:      layout_basic
Temple:   hellmonk_temple_divided_pantheon

Skill      XL: |  1  2  3  4  5  6  7 |
---------------+----------------------+-----
Dodging        | 2 3 4 |  4.6
Long Blades    | 3 4 |  4.6
Armour         | 4 |  4.0
Stealth        | 1 2 |  2.5
Shields        | 4 |  4.0
Fighting       | 4 |  4.5
Evocations     | 2 |  2.0
Invocations    | 1 |  1.9

Action                   |  1- 3 |  4- 6 |  7- 9 || total
-------------------------+-------+-------+-------++-------
Melee: Long sword        |    28 |    41 |    81 ||   150
Evoke: Wand              |     1 |     2 |       ||     3
  Use: Scroll            |     1 |       |       ||     1
       Potion            |     1 |       |       ||     1
Armor: Scale mail        |     8 |    26 |    35 ||    69
Dodge: Dodged            |    10 |    26 |    34 ||    70
Block: Buckler           |     4 |    21 |    24 ||    49

Table legend: (Time is in decaauts)
 A = Elapsed time spent in this place.
 B = Non-inter-level travel time spent in this place.
 C = Inter-level travel time spent in this place.
 D = Time resting spent in this place.
 E = Time spent auto-exploring this place.
 F = Levels seen in this place.
 G = Mean time per level.
                   A        B        C        D        E       F      G
               +--------+--------+--------+--------+--------+-----+--------+
         Total |    900 |    862 |     38 |      0 |      0 |   7 |  128.6 |
       Dungeon |    861 |    830 |     31 |      0 |      0 |   6 |  143.5 |
        Temple |     38 |     31 |      7 |      0 |      0 |   1 |   38.0 |
               +--------+--------+--------+--------+--------+-----+--------+

Top non-repeatable levels by time:
     D:4: 415 daAuts
     D:3: 141 daAuts
     D:5: 111 daAuts
     D:1: 107 daAuts
     D:2: 49 daAuts
  Temple: 38 daAuts
     D:6: 36 daAuts
